 Dungeon Crawl Stone Soup version 0.27-a0-1579-g97d2440184 (webtiles) character file.

Game seed: 3214413274785258711

25120 Spaninq the Fencer (level 12, -3/112 HPs)
             Began as a Pale Draconian Berserker on July 18, 2021.
             Was a High Priest of Trog.
             Killed from afar by a starcursed mass (6 damage)
             ... with an accursed screaming
             ... on level 1 of the Abyss.
             The game lasted 00:49:11 (14545 turns).

Spaninq the Fencer (Pale Draconian Berserker)      Turns: 14545, Time: 00:49:11

Health: -3/112     AC: 13    Str: 28    XL:     12   Next: 86%
Magic:  12/12      EV: 19    Int:  8    God:    Trog [*****.]
Gold:   503        SH:  0    Dex: 10    Spells: 11/11 levels left

rFire    . . .     SeeInvis .   r - +2 great sword (vorpal)
rCold    . . .     Faith    .   (shield currently unavailable)
rNeg     + . .     Spirit   .   (armour unavailable)
rPois    +         Reflect  .   q - +2 hat
rElec    .         Harm     .   (no cloak)
rCorr    .         Rampage  .   b - +2 pair of gloves {Str+3}
Will     +++..                  (no boots)
Stlth    ++........             (no amulet)
HPRegen  1.00/turn              k - ring of poison resistance
MPRegen  0.13/turn              s - ring "Voxe Weck" {rN+ Will+ EV+4 Stlth+}

@: strong-willed, regenerating, mildly diseased
A: breathe steam, AC +8, unfitting armour, cold-blooded, steam resistance
a: Breathe Steam, Renounce Religion, Berserk, Trog's Hand, Brothers in Arms


You were on level 1 of the Abyss.
You worshipped Trog.
Trog was extremely pleased with you.
You visited 3 branches of the dungeon, and saw 14 of its levels.
You visited the Abyss 1 time.
You visited 1 bazaar.

You collected 1170 gold pieces.
You spent 667 gold pieces at shops.

Inventory:

Hand Weapons
 r - a +2 vorpal great sword (weapon)
Armour
 b - a +2 pair of gloves of strength (worn)
 p - a +0 buckler
 q - a +2 hat (worn)
Jewellery
 k - a ring of poison resistance (left hand)
 s - the ring "Voxe Weck" (right hand) {rN+ Will+ EV+4 Stlth+}
   (You bought it in a shop in a bazaar)

   [ring of evasion]

   EV:        It affects your evasion (+4).
   rN:        It protects you from negative energy.
   Will:      It increases your willpower.
   Stlth:     It makes you more stealthy.
 t - a ring of ice
 w - the ring "Ripsaef" {rCorr SInv}
   (You found it on level 1 of the Abyss)

   [ring of see invisible]

   SInv:      It lets you see invisible.
   rCorr:     It protects you from acid and corrosion.
Wands
 e - a wand of iceblast (14)
 n - a wand of flame (75)
 y - a wand of mindburst (12)
Scrolls
 c - 6 scrolls of teleportation
 h - 5 scrolls of identify
 i - 4 scrolls of blinking
 j - 2 scrolls of enchant armour
Potions
 a - 2 potions of resistance
 d - 8 potions of curing
 f - 2 potions of might
 g - a potion of attraction
 l - 2 potions of berserk rage
 m - 2 potions of cancellation
 u - a potion of invisibility
 v - a potion of mutation
 x - a potion of lignification {unknown}
Miscellaneous
 o - a phantom mirror


   Skills:
 + Level 12.2 Fighting
 * Level 15.1 Long Blades
 + Level 10.5 Dodging


You had 11 spell levels left.
You didn't know any spells.
Your spell library was empty.

Dungeon Overview and Level Annotations

Branches:
Dungeon (11/15)            Temple (0/1) D:5            Lair (1/6) D:10
    Orc (2/2) D:9             Elf (0/3) Orc:2

Altars:
Ashenzari
Gozag
Xom

Shops:
D:4 ?*   D:5 (   D:7 *   D:11 *

Annotations:
D:3 2 runed translucent doors, Hubris850's ghost, amateur GrEE
D:6 1 runed translucent door, DocClef's ghost, novice GnDe
D:7 2 transporters, Leeroy's ghost, novice BaWr
D:8 1 runed translucent door, Orlauf's ghost, novice DsGl
Lair:1 2 runed translucent doors
Abyss:1 2 transporters


Innate Abilities, Weirdness & Mutations

You can breathe blasts of scalding, opaque steam.
Your pale cyan-grey scales are hard. (AC +8)
You cannot fit into any form of body armour.
You are cold-blooded and may be slowed by cold attacks.
You are immune to the effects of steam.


Message History

You barely miss the ancient zyme.
The ancient zyme is almost destroyed.
The ancient zyme misses you. The ynoxinul hits you.
* * * LOW HITPOINT WARNING * * *
You hit the ancient zyme but do no damage.
The ancient zyme is almost destroyed.
The ancient zyme misses you. The ancient zyme hits you!
You feel threatened and lose the ability to read scrolls!
* * * LOW HITPOINT WARNING * * *
The ynoxinul barely misses you.
You riposte.
You closely miss the ynoxinul. You tail-slap the ynoxinul!
The ynoxinul is moderately wounded.
You slash the ancient zyme!
You destroy the ancient zyme!
Trog accepts your kill. The ynoxinul misses you.
You riposte.
You slice the ynoxinul!!
You kill the ynoxinul!
Trog accepts your kill.
You feel the corruption within you wane completely.
You can once more read scrolls while threatened.
Your urge to scream lessens.
Your urge to shout disappears.
Something hits you but does no damage.
Deactivating autopickup; reactivate with Ctrl-A.
Something hits you but does no damage.
You hit something. You tail-slap something.
Something hits you but does no damage. Something hits you.
* * * LOW HITPOINT WARNING * * *
You slash something!
Something hits you but does no damage. x2
You barely miss something. You tail-slap something.
You can read scrolls again.
Something barely misses you. Something hits you but does no damage.
Something barely misses you.
The starcursed mass shrieks in your mind.
* * * LOW HITPOINT WARNING * * *
Found a transporter.
Something closely misses you.
You closely miss something. Something hits you!
* * * LOW HITPOINT WARNING * * *
The starcursed mass shrieks in your mind.
You die...

. .## # .#X. . .##
# # ##.## ##...# #
.. # .. #. #..# .#
### X . #.##.##...
.###..#. .
###....# #.
#....######....###
.. #. #.#..#.#.###
. . ##
#...#X....[# ###
.# ..#.#..#@#..#
.###.. ...#
#####....# # . #
##....# # .....#
....© ##... . ..#
# # ## .. ## ## ..
#.


You could see a starcursed mass.

Vanquished Creatures
  A tentacled starspawn (Abyss:1)
  Gastronok (D:8)
  Snorg (D:10)
  5 two-headed ogres
  A thrashing horror (Abyss:1)
  A wretched star (Abyss:1)
  A cyclops (Orc:1)
  A will-o-the-wisp (Abyss:1)
  Maggie (D:8)
  A smoke demon (Abyss:1)
  Psyche (D:9)
  2 cane toads (Lair:1)
  A gargoyle (D:11)
  An unseen horror (D:10)
  An ancient zyme (Abyss:1)
  A troll (Orc:1)
  3 slime creatures (D:9)
  11 starcursed masses (Abyss:1)
  18 yaks
  2 wyverns
  A ynoxinul (Abyss:1)
  Eustachio (D:5)
  2 wraiths (D:11)
  4 basilisks
  A neqoxec (Abyss:1)
  3 wargs
  A steam dragon (D:10)
  Edmund (D:5)
  A large abomination (Abyss:1)
  3 water moccasins
  Duvessa (D:7)
  11 orc warriors
  An ice beast (D:8)
  A sky beast (D:5)
  2 wolves (D:9)
  2 ogres
  3 centaurs
  A kobold brigand (D:10)
  5 bullfrogs
  2 wyvern zombies (D:6)
  3 gnoll sergeants (D:9)
  A scorpion (D:7)
  A water moccasin skeleton (D:5)
  Dowan (D:7)
  4 killer bees (D:11)
  An electric eel (D:10)
  5 wights (D:8)
  A howler monkey (D:5)
  A crimson imp (Abyss:1)
  A bullfrog zombie (D:6)
  4 centaur zombies
  3 small abominations (Abyss:1)
  A quasit (Abyss:1)
  A centaur skeleton (D:5)
  2 jellies
  19 orc priests
  7 hounds
  5 gnoll shamans
  Ijyb (D:5)
  3 iguanas (D:6)
  23 orc wizards
  3 killer bee zombies
  A hound zombie (D:5)
  2 howler monkey zombies
  31 gnolls
  9 adders
  A river rat (D:4)
  A shadow imp (D:6)
  A white imp (D:7)
  2 worms
  62 orcs
  7 endoplasms
  2 giant cockroaches
  3 goblins
  9 hobgoblins
  3 jackals (D:3)
  13 kobolds
  3 quokkas
  9 ball pythons
  5 bats
  5 frilled lizards
  11 rats
  A butterfly (Lair:1)
  2 starspawn tentacles (Abyss:1)
376 creatures vanquished.

Vanquished Creatures (collateral kills)
  Josephine (D:11)
  3 wraiths (D:11)
4 creatures vanquished.

Vanquished Creatures (others)
  2 foxfires (Abyss:1)
  2 starspawn tentacles (Abyss:1)
4 creatures vanquished.

Grand Total: 384 creatures vanquished

Notes
Turn   | Place    | Note
-------+----------+-------------------------------------------
     0 | D:1      | Spaninq the Draconian Berserker began the quest for the
                  | Orb.
     0 | D:1      | Reached XP level 1. HP: 19/19 MP: 1/1
   296 | D:1      | Reached XP level 2. HP: 26/26 MP: 2/2
   447 | D:1      | Found a faded altar of an unknown god.
   925 | D:2      | Reached XP level 3. HP: 31/31 MP: 3/3
  1083 | D:2      | Reached ** piety under Trog
  1098 | D:2      | Found a broken altar of Ashenzari.
  1422 | D:3      | Found a runed translucent door.
  1423 | D:3      | Noticed Hubris850's ghost (amateur GrEE)
  1424 | D:3      | Noticed a bullfrog
  1549 | D:3      | Reached skill level 4 in Long Blades
  1885 | D:3      | Reached XP level 4. HP: 30/40 MP: 4/4
  1960 | D:3      | Found a runed translucent door.
  2306 | D:4      | Found Pocotob's Magic Scroll Shoppe.
  2319 | D:4      | Reached XP level 5. HP: 11/46 MP: 5/5
  2546 | D:4      | Found Bunwiror's General Store.
  2689 | D:4      | Reached skill level 5 in Long Blades
  2790 | D:4      | Reached XP level 6. HP: 12/53 MP: 6/6
  3288 | D:4      | Reached *** piety under Trog
  3400 | D:5      | Entered Level 5 of the Dungeon
  3400 | D:5      | Noticed Eustachio
  3515 | D:5      | Noticed a sky beast
  3539 | D:5      | Killed a sky beast
  3673 | D:5      | Noticed Edmund
  3688 | D:5      | Reached skill level 5 in Fighting
  3715 | D:5      | Killed Edmund
  3716 | D:5      | Reached skill level 6 in Long Blades
  3716 | D:5      | Your scales start taking on a pale cyan-grey colour.
  3716 | D:5      | Reached XP level 7. HP: 45/61 MP: 7/7
  3716 | D:5      | Gained mutation: You are immune to the effects of steam.
                  | [Pale Draconian growth]
  3717 | D:5      | Killed Eustachio
  3869 | D:5      | Noticed Ijyb
  3885 | D:5      | Killed Ijyb
  4105 | D:5      | Found Otzygem's Weapon Shop.
  4121 | D:5      | Found a staircase to the Ecumenical Temple.
  4652 | D:5      | Reached skill level 7 in Long Blades
  4875 | D:6      | Noticed a yak
  4876 | D:6      | Noticed a yak
  4882 | D:6      | Noticed a yak
  4888 | D:6      | Killed a yak
  4889 | D:6      | Reached skill level 5 in Dodging
  4889 | D:6      | Reached XP level 8. HP: 46/70 MP: 8/8
  4942 | D:6      | Reached skill level 8 in Long Blades
  5702 | D:6      | Reached XP level 9. HP: 41/79 MP: 9/9
  5867 | D:6      | Found a runed translucent door.
  6110 | D:6      | Noticed DocClef's ghost (novice GnDe)
  6146 | D:7      | Reached skill level 9 in Long Blades
  6157 | D:7      | Found a transporter.
  6180 | D:7      | Found an opulent altar of Gozag.
  6180 | D:7      | Found Gozag's Platinum Reserve.
  6243 | D:7      | Noticed Leeroy's ghost (novice BaWr)
  6246 | D:7      | Noticed a five-headed hydra
  6248 | D:7      | Found a transporter.
  6417 | D:7      | Reached **** piety under Trog
  6458 | D:7      | Noticed Duvessa
  6458 | D:7      | Noticed Dowan
  6461 | D:7      | Killed Dowan
  6467 | D:7      | Killed Duvessa
  6573 | D:7      | Identified the ring of Qiymoklo {rF+ rCorr Str-5 Int+3
                  | SInv}
  7094 | D:8      | Found a runed translucent door.
  7094 | D:8      | Found a shimmering altar of Xom.
  7094 | D:8      | Noticed a +2 dagger of chaos
  7094 | D:8      | Noticed Orlauf's ghost (novice DsGl)
  7198 | D:8      | Noticed Maggie
  7207 | D:8      | Killed Maggie
  7208 | D:8      | Reached skill level 10 in Long Blades
  7366 | D:8      | Noticed a two-headed ogre
  7390 | D:8      | Killed a two-headed ogre
  7391 | D:8      | Reached XP level 10. HP: 70/90 MP: 10/10
  7472 | D:8      | Noticed Gastronok
  7632 | D:8      | Killed Gastronok
  7633 | D:8      | Reached skill level 11 in Long Blades
  8314 | D:9      | Noticed Psyche
  8370 | D:9      | Killed Psyche
  8397 | D:9      | Reached skill level 12 in Long Blades
  8751 | D:9      | Reached XP level 11. HP: 99/99 MP: 11/11
  8765 | D:9      | Reached ***** piety under Trog
  8927 | D:9      | Reached skill level 10 in Fighting
  9126 | D:9      | Found a staircase to the Orcish Mines.
  9153 | D:9      | Noticed a two-headed ogre
  9168 | D:9      | Killed a two-headed ogre
  9657 | D:9      | Received a gift from Trog
 10174 | D:10     | Entered Level 10 of the Dungeon
 10514 | D:10     | Noticed a two-headed ogre
 10528 | D:10     | Killed a two-headed ogre
 10529 | D:10     | Reached skill level 13 in Long Blades
 10686 | D:10     | Noticed a two-headed ogre
 10695 | D:10     | Killed a two-headed ogre
 10886 | D:10     | Noticed a two-headed ogre
 10907 | D:10     | Killed a two-headed ogre
 11148 | D:10     | Noticed Snorg
 11159 | D:10     | Killed Snorg
 11421 | D:10     | Found a staircase to the Lair.
 11884 | D:11     | Reached XP level 12. HP: 110/110 MP: 12/12
 12178 | D:11     | Found Rylorru's Gadget Gallery.
 12178 | D:11     | Noticed Josephine
 12192 | D:11     | Killed Josephine
 12193 | D:11     | Reached skill level 14 in Long Blades
 12725 | Lair:1   | Entered Level 1 of the Lair of Beasts
 12854 | Lair:1   | Found a large runed translucent door.
 12854 | Lair:1   | Found a large runed translucent door.
 13131 | Lair:1   | Noticed a seven-headed hydra
 13244 | Orc:1    | Entered Level 1 of the Orcish Mines
 13263 | Orc:1    | Reached skill level 10 in Dodging
 13538 | Orc:2    | Entered Level 2 of the Orcish Mines
 13627 | Orc:2    | Found a flickering gateway to a bazaar.
 13641 | Bazaar   | Entered a bazaar
 13709 | Bazaar   | Found Xitsor's Antique Weapon Emporium.
 13712 | Bazaar   | Found Moeheac's Book Shoppe.
 13733 | Bazaar   | Found Uluniofre's Jewellery Shoppe.
 13744 | Bazaar   | Found Maerpho's Weapon Boutique.
 13777 | Bazaar   | Bought the ring "Voxe Weck" {rN+ Will+ EV+4 Stlth+} for 667
                  | gold pieces
 13853 | Orc:1    | Noticed a two-headed ogre
 13853 | Orc:1    | Cast into level 1 of the Abyss (orc warrior)
 13853 | Abyss:1  | Found a corrupted altar of Lugonu.
 13855 | Abyss:1  | Identified the ring "Ripsaef" {rCorr SInv}
 14014 | Abyss:1  | Found an ornate altar of the Wu Jian Council.
 14075 | Abyss:1  | Noticed a tentacled starspawn
 14087 | Abyss:1  | Killed a tentacled starspawn
 14247 | Abyss:1  | Noticed a red very ugly thing
 14269 | Abyss:1  | Noticed a starcursed mass
 14312 | Abyss:1  | Found a sparkling altar of Nemelex Xobeh.
 14352 | Abyss:1  | Found a transporter.
 14352 | Abyss:1  | Noticed a starcursed mass
 14353 | Abyss:1  | Noticed a deep elf sorcerer
 14354 | Abyss:1  | Noticed a tentacled starspawn
 14355 | Abyss:1  | Noticed a starcursed mass
 14364 | Abyss:1  | Paralysed by accursed screaming for 1 turns
 14377 | Abyss:1  | Reached skill level 15 in Long Blades
 14383 | Abyss:1  | Noticed a starcursed mass
 14385 | Abyss:1  | HP: 4/112 [starcursed mass/accursed screaming (7)]
 14393 | Abyss:1  | HP: 2/112 [starcursed mass/accursed screaming (6)]
 14463 | Abyss:1  | Noticed a bone dragon
 14469 | Abyss:1  | Noticed a starcursed mass
 14544 | Abyss:1  | Found a transporter.
 14545 | Abyss:1  | HP: 3/112 [something (7)]
 14545 | Abyss:1  | Killed from afar by a starcursed mass

Illustrated notes

Levels and vault maps discovered:
D:1:      minmay_arrival_widening_spiral_wide, layout_basic,
          shapermc_ecumenical_altar_gd
D:2:      layout_rooms, basic_altar, minmay_misc_feat_diagonals
D:3:      layout_loops_cross, ebering_ghost_sewer_f,
          hangedman_abyss_or_decor_stabs
D:4:      layout_gridville, portal_sewer_entry_b, serial_shops,
          nicolae_shop_trees, kennysheep_windowed_goal
D:5:      layout_cave_pods, minmay_temple_entry_grid, serial_shops, shop,
          uniq_edmund, uniq_ijyb, uniq_eustachio
D:6:      layout_cave_pools, ebering_ghost_sewer_d
D:7:      layout_basic, nicolae_gozag_zags_fifth_avenue, gammafunk_ghost_arena,
          uniq_duvessa
D:8:      layout_basic, ebering_ghost_xom, uniq_maggie, uniq_gastronok
D:9:      layout_big_octagon, hiddenorc2_lemuel, serial_gnoll_camp,
          gnoll_camp_huts_basic, gnoll_camp_mini_loothouse, gnoll_camp_mini_hut,
          gnoll_camp_medium_01, uniq_psyche, uniq_erolcha
D:10:     minmay_flawed_box, layout_loops_cross, david_lair_generic,
          minivault_4, uniq_snorg
D:11:     layout_gridville, serial_rivers, chequers_serial_rivers_room_b,
          chequers_serial_rivers_small_b, chequers_serial_rivers_micro_a,
          chequers_serial_rivers_room_b, chequers_serial_rivers_marsh,
          chequers_serial_rivers_room_a, nicolae_shop_gadgets, uniq_josephine
Lair:1:   layout_loops_ring, ebering_ghost_disaster_area, lemuel_fruit_fields,
          serial_bayou_shore_b, grunt_megastairs_3, uniq_prince_ribbit2
Orc:1:    layout_caves, uniq_jorgrun, uniq_fannar
Orc:2:    grunt_orc_tribal_feast, layout_caves, serial_shops, bzr_entry_water
Abyss:1:  base: D:3, evilmike_abyss_exit_10, guppyfry_abyss_exit_glass_guarded,
          evilmike_abyss_exit_6, gammafunk_corrupted_shrine,
          gammafunk_corrupted_shrine, gammafunk_corrupted_shrine

Skill      XL: |  1  2  3  4  5  6  7  8  9 10 11 12 |
---------------+-------------------------------------+-----
Dodging        | 3 4 5 6 7 8 9 10 | 10.5
Long Blades    | 4 5 6 7 8 10 12 13 15 | 15.1
Fighting       | 4 5 6 7 8 9 11 12 | 12.2

Action                   |  1- 3 |  4- 6 |  7- 9 | 10-12 || total
-------------------------+-------+-------+-------+-------++-------
Melee: Falchion          |   115 |   178 |   156 |       ||   449
       Tailslap          |    22 |    23 |    48 |    70 ||   163
       Great sword       |       |       |    20 |   339 ||   359
Invok: Berserk           |       |     1 |     1 |     1 ||     3
       Trog's Hand       |       |       |       |     4 ||     4
       Brothers in Arms  |       |       |       |     2 ||     2
 Abil: Breathe Steam     |       |       |    36 |    82 ||   118
  Use: Potion            |       |     2 |       |     1 ||     3
       Scroll            |       |       |       |    20 ||    20
Armor: Skin              |    51 |    74 |    45 |   107 ||   277
Dodge: Dodged            |    58 |   111 |   111 |   251 ||   531
       Rpst.: Falchion   |    18 |    25 |    33 |       ||    76
       Great sword       |       |       |     2 |    65 ||    67

Table legend: (Time is in decaauts)
 A = Elapsed time spent in this place.
 B = Non-inter-level travel time spent in this place.
 C = Inter-level travel time spent in this place.
 D = Time resting spent in this place.
 E = Time spent auto-exploring this place.
 F = Levels seen in this place.
 G = Mean time per level.
                   A        B        C        D        E       F      G
               +--------+--------+--------+--------+--------+-----+--------+
         Total |  14670 |  14129 |    541 |   2382 |   8147 |  16 |  916.9 |
       Dungeon |  12892 |  12369 |    523 |   2033 |   7621 |  11 | 1172.0 |
          Lair |    482 |    482 |      0 |    163 |    153 |   1 |  482.0 |
  Orcish Mines |    455 |    438 |     17 |     91 |    120 |   2 |  227.5 |
         Abyss |    688 |    688 |      0 |     95 |    133 |   1 |  688.0 |
        Bazaar |    152 |    152 |      0 |      0 |    120 |   1 |  152.0 |
               +--------+--------+--------+--------+--------+-----+--------+

Top non-repeatable levels by time:
     D:9: 1742 daAuts
    D:10: 1627 daAuts
     D:5: 1415 daAuts
     D:8: 1342 daAuts
     D:6: 1281 daAuts
     D:4: 1113 daAuts
     D:7: 1042 daAuts
     D:3: 991 daAuts
    D:11: 967 daAuts
     D:1: 765 daAuts
 Abyss:1: 688 daAuts
     D:2: 602 daAuts
  Lair:1: 482 daAuts
   Orc:1: 293 daAuts
   Orc:2: 162 daAuts
